 Dungeon Crawl Stone Soup version 0.30.0-15-g856e2d3f33 (webtiles) character file.

Game seed: 10625093472111866914

555 minhee2137 the Cudgeller (level 7, -15/61 HPs)
             Began as a Minotaur Berserker on May 19, 2023.
             Was a Believer of Trog.
             Demolished by Menkaure (16 damage)
             ... on level 4 of the Dungeon.
             The game lasted 00:12:57 (3089 turns).

minhee2137 the Cudgeller (Minotaur Berserker)       Turns: 3089, Time: 00:12:57

Health: -15/61     AC: 12    Str: 23    XL:     7   Next: 8%
Magic:  6/6        EV:  9    Int:  4    God:    Trog [**....]
Gold:   165        SH:  0    Dex: 10    Spells: 6/6 levels left

rFire   . . .        p - +2 scythe (heavy)
rCold   . . .        (shield currently unavailable)
rNeg    + . .        f - +1 chain mail
rPois   .            (helmet restricted)
rElec   .            (no cloak)
rCorr   .            (no gloves)
SInv    .            e - +0 pair of boots
Will    .....        (no amulet) Stlth
                     j - ring of positive energy
HPRegen 0.30/turn    l - ring of flight
MPRegen 0.10/turn

%: no passive effects
@: about to teleport, flying
A: horns 2, retaliatory headbutt
a: Renounce Religion, Berserk, Trog's Hand


You were on level 4 of the Dungeon.
You worshipped Trog.
Trog was pleased with you.
You visited 1 branch of the dungeon, and saw 4 of its levels.
You also visited: Sewer.

You collected 165 gold pieces.

Inventory:

Hand Weapons
 a - a +2 heavy mace
 k - the +1 dagger of Havoc {venom, Will+ Str+4}
   (You found it on level 3 of the Dungeon)

   Str:       It affects your strength (+4).
   Will:      It increases your willpower.
 p - a +2 heavy scythe (weapon)
Missiles
 d - 5 silver javelins (quivered)
Armour
 b - a +0 animal skin
 e - a +0 pair of boots (worn)
 f - a +1 chain mail (worn)
Jewellery
 j - a ring of positive energy (left hand)
 l - a ring of flight (right hand)
 n - a ring of protection from cold
Scrolls
 i - 2 scrolls of teleportation
 m - a scroll of enchant armour
 o - 2 scrolls of identify
Potions
 c - 5 potions of curing
 g - a potion of degeneration
 h - a potion of brilliance


   Skills:
 + Level 5.1 Fighting
 + Level 6.9 Maces & Flails
 + Level 5.8 Armour
 + Level 3.0 Dodging
 + Level 0.2 Stealth


You had 6 spell levels left.
You didn't know any spells.
Your spell library contained the following spells:

 Spells                   Type           Power      Damage    Failure   Level
 Necrotise                Necr           0%         1d4       97%         1
 Slow                     Hex            0%         N/A       97%         1
 Confusing Touch          Hex            0%         N/A       100%        3
 Vampiric Draining        Necr           0%         2d6       100%        3
 Passage of Golubria      Tloc           0%         N/A       100%        4
 Agony                    Necr           0%         N/A       100%        5
 Silence                  Hex/Air        0%         N/A       100%        5
 Lehudib's Crystal Spear  Conj/Erth      0%         10d2      100%        8


Dungeon Overview and Level Annotations

Branches:
Dungeon (4/15)              Sewer (visited)
 Temple: D:4-7

Altars:
Makhleb
Zin

Shops:
D:3 (

Annotations:
D:4 Menkaure


Innate Abilities, Weirdness & Mutations

You have a pair of horns on your head.
You reflexively headbutt those who attack you in melee.


Message History

The endoplasm freezes you.
You are frozen.
The endoplasm closely misses you.
The hound moves out of view.
The gnoll shouts!
You hit the orc.
You kill the orc!
Trog accepts your kill. The scorpion closely misses you.
You furiously retaliate!
You headbutt the scorpion! The orc hits you but does no damage.
The orc wizard gestures at you while chanting.
The puff of flame hits you. The scorpion stings you. The endoplasm freezes you.
You are frozen.
The endoplasm freezes you.
You are frozen.
Menkaure hits you!!
* * * LOW HITPOINT WARNING * * *
A quokka comes into view.
A scorpion comes into view.
The endoplasm freezes you.
You are frozen.
* * * LOW HITPOINT WARNING * * *
The endoplasm hits you.
* * * LOW HITPOINT WARNING * * *
The orc hits you but does no damage. The orc wizard barely misses you.
The scorpion stings you but does no damage.
Menkaure whispers, "It doesn't hurt if you pull your brain out of your nose yourself."
Menkaure points at you and mumbles some strange words.
Pain shoots through your body!
* * * LOW HITPOINT WARNING * * *
Your Dodging skill increases to level 3!
As you read the scroll of teleportation, it crumbles to dust.
You feel strangely unstable.
The scorpion stings you but does no damage.
The orc hits you with a +0 hand axe.
* * * LOW HITPOINT WARNING * * *
The orc wizard closely misses you. The endoplasm freezes you.
You are frozen.
* * * LOW HITPOINT WARNING * * *
The endoplasm hits you but does no damage.
Menkaure hits you!
You die...

#..# ####. #..#
..... #..$
....#.
###.$##......
### ..........<.
....#♣...♣..?.$.
#...ooM......
#..ws@)......
#..gJ.J....#.
##^h♣g.....#
..........##
#.##.)g......#
.. #.........# .
..r.......#
...........#


You could see Menkaure, a worm, a scorpion, a hound, an orc wizard, 3 gnolls, an
orc, 2 endoplasms and a quokka.

Vanquished Creatures
  Sigmund (D:3)
  3 kobold brigands (Sewer)
  A gnoll bouda (D:3)
  4 gnolls (D:3)
  3 adders (Sewer)
  2 river rats (Sewer)
  5 dart slugs
  An orc (D:4)
  6 ball pythons
  4 bats
  3 endoplasms
  4 giant cockroaches
  6 goblins
  6 hobgoblins
  5 jackals
  6 quokkas
  3 frilled lizards
  7 kobolds
  6 rats
76 creatures vanquished.

Notes
Turn   | Place    | Note
-------+----------+-------------------------------------------
     0 | D:1      | minhee2137 the Minotaur Berserker began the quest for the
                  | Orb.
     0 | D:1      | Reached XP level 1. HP: 19/19 MP: 0/0
   137 | D:1      | Reached XP level 2. HP: 27/27 MP: 1/1
   159 | D:1      | Reached skill level 4 in Maces & Flails
   189 | D:1      | Found a faded altar of an unknown god.
   686 | D:1      | Reached XP level 3. HP: 28/33 MP: 2/2
   874 | D:1      | Reached ** piety under Trog
  1680 | D:3      | Reached XP level 4. HP: 41/41 MP: 3/3
  1684 | D:3      | Reached skill level 5 in Maces & Flails
  1835 | D:3      | Found a burning altar of Makhleb.
  1835 | D:3      | Found a glowing silver altar of Zin.
  1836 | D:3      | Noticed an angel
  1836 | D:3      | Noticed a cacodemon
  1894 | D:3      | Identified the +1 dagger of Havoc {venom, Will+ Str+4}
  2132 | D:3      | Found a glowing drain.
  2146 | D:3      | Found Moceyf's Antique Weapon Shoppe.
  2258 | Sewer    | Entered a sewer
  2309 | Sewer    | Reached XP level 5. HP: 47/47 MP: 4/4
  2353 | Sewer    | Reached skill level 6 in Maces & Flails
  2543 | Sewer    | Reached XP level 6. HP: 48/53 MP: 5/5
  2551 | Sewer    | Reached skill level 5 in Armour
  3025 | D:3      | Noticed Sigmund
  3044 | D:3      | Killed Sigmund
  3045 | D:3      | Reached skill level 5 in Fighting
  3045 | D:3      | Reached XP level 7. HP: 49/61 MP: 6/6
  3085 | D:4      | Noticed Menkaure
  3089 | D:4      | HP: 3/61 [orc/+0 hand axe (4)]
  3089 | D:4      | HP: 1/61 [frozen (2)]
  3089 | D:4      | Demolished by Menkaure

Illustrated notes

Levels and vault maps discovered:
D:1:      dpeg_arrival_orchard, layout_loops_ring,
          shapermc_ecumenical_altar_pompeii, minmay_pentomino_p4
D:2:      layout_basic
D:3:      layout_loops_cross, grunt_temple_overflow_order_and_chaos_2,
          cheibrodos_sewer_entry_drain, serial_shops, shop, chequers_avenue,
          uniq_sigmund
D:4:      layout_rooms, eino_tiny_chamber, minmay_misc_feat_iff,
          grunt_ministairs_1, minmay_misc_feat_tower, minmay_gold_behind_fungi,
          minmay_bisected, uniq_menkaure

Skill      XL: |  1  2  3  4  5  6  7 |
---------------+----------------------+-----
Fighting       | 4 5 |  5.1
Maces & Flails | 4 5 6 |  6.9
Armour         | 3 4 5 |  5.8
Dodging        | 3 |  3.0
Stealth        | |  0.2

Action                     |  1- 3 |  4- 6 |  7- 9 || total
---------------------------+-------+-------+-------++-------
  Melee: Mace              |    87 |   142 |       ||   229
         Headbutt          |    11 |    41 |       ||    52
         Punch             |     1 |     2 |       ||     3
         Halberd           |       |       |     2 ||     2
 Invoke: Berserk           |     3 |     2 |       ||     5
    Use: Scroll            |     6 |     2 |     1 ||     9
         Potion            |     1 |     5 |       ||     6
 Armour: Animal skin       |     7 |       |       ||     7
         Chain mail        |    58 |    64 |    10 ||   132
         Skin              |     1 |       |       ||     1
  Dodge: Dodged            |    65 |    56 |     7 ||   128
